Cogmind - Beta 17 @@@ ROGUE MODE // 2026.07.08 @ 20:16:46 Player: IsAway Result: Destroyed by as-73471 with Assembled Heavy Rifle Performance ------------- Evolutions (0) 0 Regions Visited (2) 400 Robots Destroyed (13) 65 Value Destroyed (116) 116 Prototype IDs (0) 0 Alien Tech Used (0) 0 Bonus (0) 0 TOTAL SCORE: 581 Bonus ------- None Cogmind --------- Core Integrity 0/250 Matter 121/300 Energy 31/100 System Corruption 3% Temperature Cool (0) Movement Core (50) Location -10/Mines Parts ------- > --- POWER (1) -------- (None) > --- PROPULSION (2) --- (None) > --- UTILITY (2) ------ (None) > --- WEAPON (2) ------- EM Pulse Gun > --- INVENTORY (5) ---- Sensor Array Seismic Detector Light Armor Plating Mining Laser Peak State ------------ > --- POWER ------------ Ion Engine > --- PROPULSION ------- Wheel Compact Wheel > --- UTILITY ---------- Small Storage Unit Seismic Detector > --- WEAPON ----------- Medium Laser Light Assault Rifle > --- INVENTORY -------- (None) [Rating: 7] Favorites ----------- Power Ion Engine Engine Ion Engine Propulsion Flight Unit Wheel Wheel Hover Unit Hover Unit Flight Unit Flight Unit Utility Small Storage Unit Device Seismic Detector Storage Small Storage Unit Processor Signal Interpreter Weapon Light Assault Rifle Energy Gun Medium Laser Ballistic Gun Light Assault Rifle Launcher Grenade Launcher Special Weapon Mining Laser Build | -11 -10 -10 ------- Run | Yrd Mat Min Slots Evolved . | . . . Power . | . . . Propulsion . | . . . Utility . | . . . Weapon . | . . . Parts Attached 19 | 8 10 1 Power 1 | 1 . . Engine 1 | 1 . . Core . | . . . Reactor . | . . . Propulsion 8 | 3 5 . Treads . | . . . Leg . | . . . Wheel 3 | 3 . . Hover 2 | . 2 . Flight 3 | . 3 . Utility 3 | 2 1 . Device 1 | 1 . . Storage 1 | 1 . . Processor 1 | . 1 . Hackware . | . . . Protection . | . . . Artifact . | . . . Weapon 7 | 2 4 1 Energy Gun 3 | 1 1 1 Energy Cannon . | . . . Ballistic Gun 1 | 1 . . Ballistic Cannon . | . . . Launcher 1 | . 1 . Special Weapon 2 | . 2 . Impact Weapon . | . . . Slashing Weapon . | . . . Piercing Weapon . | . . . Special Melee Weapon . | . . . Unidentified Prototypes . | . . . Parts Lost 8 | . 6 2 Power 1 | . 1 . Propulsion 3 | . 2 1 Utility 1 | . 1 . Weapon 3 | . 2 1 Highest Loss Streak 8 | . 6 8 To Critical Strikes . | . . . Average Backups 4 | . 6 4 Power . | . . . Propulsion 1 | . 1 . Utility 1 | . 2 3 Weapon 1 | . 1 1 Tool/Special . | . . . Unused Backups 4 | . 2 2 Power . | . . . Propulsion 2 | . 2 . Utility 2 | . . 2 Weapon . | . . . Tool/Special . | . . . Average Slot Usage (%) 76 | . 80 35 Engine 8 | . 9 . Hover 5 | . 6 . Flight 18 | . 19 7 Device 4 | . 4 . Storage 12 | . 13 . Processor 7 | . 8 . Energy Gun 2 | . 1 21 Ballistic Gun 5 | . 5 . Launcher 1 | . 1 . Special Weapon 7 | . 8 7 Peak Build Rating 7 | 7 7 3 Average Rating 5 | 5 5 2 On Entrance 3 | . 7 3 Avg Prop Armor Cover (%) 10 | . 10 . Naked Turns . | . . . Heaviest Build 15 | 14 15 4 Greatest Support 26 | 26 20 4 Greatest Overweight (x) 4 | . 4 1 Average Overweight (x) . | . . . Largest Inventory Capacity 8 | 8 8 5 Average Capacity 7 | 7 7 5 Most Carried 8 | 1 8 4 Average Carried 4 | . 6 4 Final Capacity 8 | 8 5 5 Final Carried 4 | 1 4 4 Class Distribution -------------------- 100% | Mutant Dominant Class ---------------- Mutant | -10/Materials Mutant | -10/Mines Resources | -11 -10 -10 ----------- Run | Yrd Mat Min Matter Collected 289 | 265 24 . Remotely . | . . . Salvage Created 164 | 94 70 . Parts 22 | 6 16 . Haulers Intercepted . | . . . Recyclers Shooed 1 | . 1 . Parts Field Recycled . | . . . Retrieved Matter . | . . . Parts Self-Destructed . | . . . Prevented . | . . . Parts Restored . | . . . Kills | -11 -10 -10 ------- Run | Yrd Mat Min Combat Hostiles Destroyed 3 | . 3 . AOE 3 | . 3 . Classes Destroyed 6 | 2 4 . Worker 3 | . 3 . Builder 2 | . 2 . Tunneler 3 | 2 1 . Recycler 1 | 1 . . Watcher 1 | . 1 . Swarmer 3 | . 3 . Best Kill Streak 10 | 2 10 . Combat Bots Only 3 | . 3 . Max Kills in Single Turn 5 | 1 5 . Gunslinging . | . . . Exploded 2 | . 2 . Melee . | . . . Uniques/NPCs Destroyed . | . . . Combat | -11 -10 -10 -------- Run | Yrd Mat Min Hostile Shots Fired 48 | . 33 15 Missed 11 | . 7 4 Hits 37 | . 26 11 Projectile 37 | . 26 11 Critical Strikes 1 | . 1 . Damage Taken 682 | . 504 178 Core 260 | . 162 98 Absorbed by Shields . | . . . Core Remaining (%) 100 | 100 . . Volleys Fired 41 | 19 17 5 Largest 2 | 2 2 2 Hottest 100 | 70 100 80 Shots Fired 68 | 38 21 9 Gun 56 | 38 9 9 Cannon . | . . . Launcher 6 | . 6 . Special 6 | . 6 . Kinetic 28 | 19 9 . Thermal 25 | 19 6 . Explosive 6 | . 6 . Electromagnetic 9 | . . 9 Robot Hit Streak 5 | 5 5 1 Robot Miss Streak 4 | 2 1 4 Penetration Max . | . . . Secondary Targets . | . . . Shots Hit Robots 30 | 22 6 2 Core Hits 18 | 5 12 1 Critical Kills . | . . . Critical Parts Destroyed . | . . . Critical Strikes . | . . . Melee Attacks . | . . . Impact . | . . . Slashing . | . . . Piercing . | . . . Sneak Attacks . | . . . Combat Hostiles . | . . . Follow-up Attacks . | . . . Damage Inflicted 917 | 248 646 23 Guns 299 | 248 28 23 Cannons . | . . . Explosions 618 | . 618 . Melee . | . . . Ramming . | . . . Kinetic 150 | 122 28 . Thermal 521 | 126 395 . Explosive 223 | . 223 . Electromagnetic 23 | . . 23 Impact . | . . . Slashing . | . . . Piercing . | . . . Highest Corruption 3 | . 3 3 Average Corruption 3 | . 3 3 Corruption Purged . | . . . Corruption Blocked . | . . . Overload Shots . | . . . Overflow Damage 143 | . 143 . Projectiles . | . . . Explosions 143 | . 143 . Melee . | . . . Knockbacks . | . . . Impact . | . . . Kinetic . | . . . Secondary . | . . . Self-Inflicted Damage 68 | . 68 . Shots 3 | . 3 . Rammed . | . . . Targets Rammed . | . . . Kicked . | . . . Crushed . | . . . Highest Temperature 110 | 110 36 9 Average Temperature 31 | 49 10 4 Received Heat Transfer 189 | . 189 . Siege Activations . | . . . Martial Activations . | . . . Shielding Activations . | . . . Robots Disrupted . | . . . Combat Hostiles . | . . . Robots Corrupted . | . . . Combat Hostiles . | . . . Parts Fried . | . . . Impact Corruptions . | . . . Robots Melted . | . . . Combat Hostiles . | . . . Parts Melted 1 | . 1 . Heat Transferred 620 | 370 250 . Parts Sabotaged . | . . . Parts Stolen . | . . . Parts Stripped . | . . . Power Chain Reactions . | . . . Alert | -11 -10 -10 ------- Run | Yrd Mat Min Maximum Alert Level . | . . . Low Security (%) 100 | 100 100 100 Level 1 . | . . . Level 2 . | . . . Level 3 . | . . . Level 4 . | . . . Level 5 . | . . . High Security . | . . . Max Security . | . . . Peak Influence 194 | 10 194 24 Initial 24 | . . 24 Average 77 | 1 106 11 Influence Increases 299 | 15 284 . Destroy 0b10 Robot/C 60 | . 60 . Destroy 0b10 Robot/NC 50 | 15 35 . Destroy Leader 12 | . 12 . Successful Hack 13 | . 13 . Disable Machine 45 | . 45 . Destroy Structure 74 | . 74 . Partial Spotted 45 | . 45 . Influence Decreases 299 | 15 220 64 Entered New Map 40 | . . 40 Time Decay 185 | 15 160 10 Lost Part 74 | . 60 14 Squads Dispatched . | . . . Investigation . | . . . Extermination . | . . . Reinforcement . | . . . Assault . | . . . Garrison . | . . . Intercept . | . . . Searches Triggered . | . . . Construction Impeded . | . . . Haulers Reinforced . | . . . Active Scanning Responses . | . . . Cargo Convoy Interrupts . | . . . Stealth | -11 -10 -10 --------- Run | Yrd Mat Min Distress Signals . | . . . Communications Jammed . | . . . Distress Signals . | . . . Times Spotted 26 | . 12 14 Peak Tracking Total 20 | . 6 20 Tactical Retreats 1 | . . 1 Traps | -11 -10 -10 ------- Run | Yrd Mat Min Traps Triggered . | . . . Indirectly . | . . . Trap Hack Attempts . | . . . Triggered . | . . . Disarmed . | . . . Reprogrammed . | . . . Reused . | . . . Traps Extracted . | . . . Installed . | . . . Triggered . | . . . Machines | -11 -10 -10 ---------- Run | Yrd Mat Min Machines Disabled 3 | . 3 . Max in Single Turn 2 | . 2 . Machines Repaired . | . . . Machines Dismantled . | . . . Machines Sabotaged . | . . . Overloaded Fab Kills . | . . . Hacking | -11 -10 -10 --------- Run | Yrd Mat Min Machines Accessed 4 | . 4 . Terminals 3 | . 3 . Fabricators . | . . . Repair Stations . | . . . Recycling Units 1 | . 1 . Scanalyzers . | . . . Garrison Access . | . . . Total Hacks 10 | . 10 . Successful 2 | . 2 . Failed 8 | . 8 . Catastrophic 1 | . 1 . Database Lockouts . | . . . Manual 7 | . 7 . Terminals 8 | . 8 . Fabricators . | . . . Repair Stations . | . . . Recycling Units 2 | . 2 . Scanalyzers . | . . . Garrison Access . | . . . Terminal Hacks 2 | . 2 . Branch Access Points 1 | . 1 . Zone Layout 1 | . 1 . Fabricator Hacks . | . . . Repair Station Hacks . | . . . Recycling Unit Hacks . | . . . Scanalyzer . | . . . Garrison Access Hacks . | . . . Unauthorized Hacks . | . . . Terminals . | . . . Fabricators . | . . . Repair Stations . | . . . Recycling Units . | . . . Scanalyzers . | . . . Garrison Access . | . . . Data Cores Recovered . | . . . Used . | . . . Hacking Detections 4 | . 4 . Full Trace Events . | . . . Feedback Events . | . . . Feedback Blocked . | . . . Robot Schematics Acquired . | . . . Robots Built . | . . . Authchips . | . . . Time . | . . . Total Robot Build Rating . | . . . Part Schematics Acquired . | . . . Parts Built . | . . . Authchips . | . . . Time . | . . . Total Part Build Rating . | . . . Part Studies Acquired . | . . . Parts Repaired . | . . . Time . | . . . Parts Recycled . | . . . Recycled Matter . | . . . Retrieved Matter . | . . . Retrieved Components . | . . . Parts Scanalyzed . | . . . Part Schematics Acquired . | . . . Parts Damaged . | . . . Bothacking | -11 -10 -10 ------------ Run | Yrd Mat Min Used RIF Installer . | . . . Robots Hacked . | . . . Non-combat . | . . . Combat . | . . . Robot Hacks Applied . | . . . Relay Couplers Released . | . . . Fabnet Peak Effective % . | . . . Robots Rewired . | . . . Allies Hacked . | . . . Hacks Repelled . | . . . Allies | -11 -10 -10 -------- Run | Yrd Mat Min Total Allies . | . . . Largest Group . | . . . Highest-Rated Group . | . . . Highest-Rated Ally . | . . . Total Orders . | . . . Ally Attacks . | . . . Total Damage . | . . . Kills . | . . . Allies Corrupted . | . . . Allies Melted . | . . . Intel | -11 -10 -10 ------- Run | Yrd Mat Min Active Infowar (turns) 162 | 23 139 . Seismic 162 | 23 139 . Robot Analysis Total . | . . . Derelict Logs Recovered . | . . . Drone Launches . | . . . Drone Recoveries . | . . . Exploration | -11 -10 -10 ------------- Run | Yrd Mat Min Turns Passed 554 | 128 397 29 Spaces Moved 431 | 69 343 19 Core 101 | 1 89 11 Treads . | . . . Legs . | . . . Wheels 75 | 68 7 . Hover 88 | . 88 . Flight 167 | . 159 8 Fastest Speed 37 | 50 37 40 Average Speed 88 | 87 89 58 Slowest Speed 250 | 100 250 100 Overloaded Moves . | . . . Propulsion Burnouts . | . . . Robots Hopped . | . . . Potential Cave-ins 4 | . 4 . Cave-ins Triggered 1 | . 1 . Exploration Rate (%) 25 | 4 66 7 Regions Visited 2 Branch Regions 1 Pre-discovered Areas . | . . . Known Exits Taken 1 | . 1 . Unknown Exits Taken 1 | 1 . . Scrap Searched . | . . . Spaces Dug 6 | . 6 . Terrain Destroyed 81 | . 81 . Melee . | . . . Projectile 6 | . 6 . AOE 75 | . 75 . Terrain Rammed . | . . . Walls Destroyed . | . . . Machines Disabled . | . . . Actions | -11 -10 -10 --------- Run | Yrd Mat Min Total 530 | 99 404 27 Wait 11 | . 9 2 Move 429 | 68 342 19 Hop . | . . . Pick Up 14 | 4 10 . Fast Attach 9 | 4 5 . Attach 10 | 3 7 . Detach 3 | . 3 . Swap 3 | 1 1 1 Drop 10 | . 10 . Fire 41 | 19 17 5 Melee . | . . . Ram . | . . . Kick . | . . . Crush . | . . . Escape Stasis . | . . . Rewire . | . . . Trap . | . . . Miscellaneous . | . . . Route ------- -11/Scrapyard -10/Materials (discovered 4 exits: *Mat x2 / *Min x2) -10/Mines History --------- Turn | Location | Event 10 | -11/Scrapyard | Discovered new exit (range 16) 129 | -11/Scrapyard | Entered Materials 254 | -10/Materials | Discovered new exit (range 16) 269 | -10/Materials | Identified exit to Materials 301 | -10/Materials | Discovered exit to Materials (range 8) 314 | -10/Materials | Build established: Mutant 431 | -10/Materials | Identified exit to Mines 501 | -10/Materials | Crushed by falling debris 513 | -10/Materials | Core integrity fell below 50% 526 | -10/Materials | Entered Mines 528 | -10/Mines | Assembled infested the area 543 | -10/Mines | Core integrity fell below 20% 555 | -10/Mines | Destroyed by as-73471 with Assembled Heavy Rifle Last Messages --------------- System corrupted by crushing effect (+1). Mining Laser destroyed. System corrupted by crushing effect (+2). Flight Unit destroyed. U-05 Engineer builds a Door. T-07 Excavator is excavating. Grenade Launcher destroyed. Critical hit (Burn: +37). Ion Engine destroyed. Flight Unit destroyed. T-07 Excavator is excavating. Dropped Sml. Storage Unit. Acquired Mining Laser. LOCATION=MINES GOAL=ESCAPE Something is scanning the area. ALERT: Infestation in the mines, dispatching Demolisher response squad. Flight Unit destroyed. EM Pulse Gun destroyed. Map ----- +----------------------------------------------------+ | ????????????????????????????? | | ????????????????????????????? | | ????????????????????????????? | | ????????????????????????????? | | ????????????????????????????? | | ????????????????????????????? | | ????????????????????????????? | | ????????????????????????????? | | ????????????????????????????? | | ????????????????????????????? | | ????????????????????????????? | | ????????????????????????????? | | ????????????????????????????? | | ????????????????????????????? | | ????????########????????????? | | ???????## ##???????????? | | ???????# #???????????? | | ???????# #???????????? | | ???????## #???????????? | | ????????## ##???????????? | | ?????????## ##????????????? | | ??######??### #?????????????? | | ??# ##???# #?????????????? | | ??# ##### #?????????????? | | ??# aa ##!#?????????????? | | ??##@ a |#?????????????? | | ???####a #????????????? | | ??????## #????????????? | | ???????# ##????????????? | | ???????# ##?????????????? | | ???????## #??????????????? | | ????????## ##??????????????? | | ?????????# ##???????????????? | | ?????????# #????????????????? | | ?????????# #????????????????? | | ????????? #????????????????? | | ????????? #????????????????? | | ????????? ?????????????????? | | ????????? ?????????????????? | | ???????? ?????????????????? | | ????????? ??????????????????? | | ????????????????????????????? | | ????????????????????????????? | | ????????????????????????????? | | ????????????????????????????? | | ????????????????????????????? | | ????????????????????????????? | | ????????????????????????????? | | ????????????????????????????? | | ????????????????????????????? | +----------------------------------------------------+ Best States ------------- Heat Dissipation 25 Energy Generation 10 Energy Capacity 250 Matter Stores 266 Matter Capacity 300 Sight Range 16 Terrain Scan Density 10 Evasion (%) 62 Item Schematics ----------------- None Robot Schematics ------------------ None Fabricated ------------ Nothing Repaired ---------- Nothing Studied --------- None Alien Tech Used ----------------- None Achievements -------------- None Challenges ------------ None Game ------ Seed PersonalHeartJets Manual? 0 Play Time 00:18:01 Cumulative 12.7 hours Start 2026.07.08 @ 19:59:42 End 2026.07.08 @ 20:16:46 Sessions 1 Manual Loads 0 Difficulty Rogue Special Mode None Game No. 15 Rogue 15 Adventurer 0 Explorer 0 Win Type - Total 0 Types 0/0/0/0/0/0/0/0/0/0 Lore% 8 Gallery% 12 Achievement% 12 Wizard Run 0 Options --------- Layout 1 ASCII 0 Keyboard 0 Movement Mouse Keybinds 0 Fullscreen 1 Font 18/SmallcapsGlow Map View 51x41 Zoom Use 0% Tactical HUD 0 Map Filters NONE Filters NONE Steam 1 RUN: 6197ecd9-efc1-488b-9fba-8c418f029efe